 Dungeon Crawl Stone Soup version 0.26-a0-651-gb41185065b (webtiles) character file.

Game seed: 3519548041144399601

(classic levelgen) 232934 EnegeticOcto the Champion of Chaos (level 17, 0/168 HPs)
             Began as a Deep Dwarf Fighter on Oct 9, 2020.
             Was the Champion of Makhleb.
             Slain by a death cob (19 damage)
             ... on level 1 of the Realm of Zot.
             The game lasted 00:17:08 (15737 turns).

EnegeticOcto the Champion of Chaos (DDFi)          Turns: 15737, Time: 00:17:08

Health: 0/168      AC: 19    Str: 25    XL:     17   Next: 89%
Magic:  1/1        EV: 10    Int: 14    God:    Makhleb [******]
Gold:   1006       SH: 17    Dex: 12    Spells: 16/16 levels left

rFire    + . .     SeeInvis .   a - +4 broad axe (freeze)
rCold    + . .     Faith    .   c - +3 kite shield
rNeg     + . .     Spirit   .   h - +4 chain mail of Benevolence {rElec Int+5}
rPois    .         Reflect  .   (no helmet)
rElec    +         Harm     .   r - +2 cloak
rCorr    .         Rampage  .   e - +2 pair of gloves
MR       +++..                  n - +2 pair of boots {Fly}
Stlth    ..........             u - amulet of the acrobat
HPRegen  0.00/turn              (no ring)
MPRegen  0.07/turn              m - ring "Jinops" {rF+ rC+ MR+, =R}

@: mighty, corroded, flying, non-regenerating, hasted and slowed
A: damage resistance, heal wounds, negative energy resistance 1, sense
surroundings 2, weak 1, no regeneration
}: 3/15 runes: barnacled, abyssal, gossamer
a: Heal Wounds, Minor Destruction, Lesser Servant of Makhleb, Major Destruction,
Greater Servant of Makhleb, Renounce Religion, Stop Flying


You were on level 1 of the Realm of Zot.
You worshipped Makhleb.
Makhleb was exalted by your worship.
You visited 8 branches of the dungeon, and saw 37 of its levels.
You visited the Abyss 1 time.
You also visited: Volcano.

You collected 2131 gold pieces.
You spent 1125 gold pieces at shops.

Inventory:

Hand Weapons
 a - a +4 broad axe of freezing (weapon)
 M - a +1 spear of distortion
Missiles
 F - 2 throwing nets (quivered)
Armour
 c - a +3 kite shield (worn)
 e - a +2 pair of gloves (worn)
 h - the +4 chain mail of Benevolence (worn) {rElec Int+5}
   (You found it on level 11 of the Dungeon)

   It affects your intelligence (+5).
   It insulates you from electricity.
 n - a +2 pair of boots of flying (worn)
 r - a +2 cloak (worn)
Jewellery
 j - the amulet of Disaster {Inacc rElec rF+ Int+4}
   (You found it on level 4 of the Dungeon)

   [amulet of inaccuracy]

   It reduces the accuracy of all your attacks.
   It affects your intelligence (+4).
   It protects you from fire.
   It insulates you from electricity.
 m - the ring "Jinops" (right hand) {rF+ rC+ MR+, =R}
   (You found it on level 12 of the Dungeon)

   [ring of protection from cold]

   It protects you from fire.
   It protects you from cold.
   It affects your resistance to hostile enchantments.
 u - an amulet of the acrobat (around neck)
 y - an uncursed ring of protection from fire
 B - an uncursed ring of stealth
Wands
 f - a wand of disintegration (13)
 l - a wand of digging (7) {@v3}
 s - a wand of acid (34) {@v1}
 v - a wand of paralysis (25)
Scrolls
 b - a scroll of immolation {@r4}
 i - 2 scrolls of fog
 k - 2 scrolls of teleportation {@r3}
 o - 6 scrolls of remove curse {@r2}
 t - a scroll of fear
 C - a scroll of magic mapping {@r5}
 G - 3 scrolls of blinking
 J - 3 scrolls of identify {@r1}
Potions
 d - 9 potions of might {@q3}
 g - 4 potions of ambrosia
 p - 3 potions of haste {@q4}
 q - 2 potions of lignification {@q7}
 w - 4 potions of heal wounds {@q2}
 z - a potion of magic
 A - a potion of resistance {@q6}
 D - a potion of brilliance
 E - 3 potions of flight
 H - a potion of berserk rage
 K - 2 potions of mutation
 L - 4 potions of cancellation
 N - a potion of stabbing {@q5}
Miscellaneous
 x - a condenser vane (2/2)
 I - a tin of tremorstones (3/3)


   Skills:
 + Level 14.6 Fighting
 - Level 18.0 Axes
 - Level 14.0 Armour
 - Level 3.4 Dodging
 - Level 14.0 Shields
 * Level 21.1 Invocations


You had 16 spell levels left.
You didn't know any spells.
Your spell library was empty.

Dungeon Overview and Level Annotations

Branches:
Dungeon (15/15)            Temple (1/1) D:7            Lair (5/6) D:9
 Shoals (4/4) Lair:2       Spider (4/4) Lair:4          Orc (2/2) D:12
    Elf (0/3) Orc:2        Vaults (0/5) D:13         Depths (5/5) D:15
    Zot (1/5) Depths:5    Volcano (visited)
  Slime: Lair:5-6

Altars:
Ashenzari
Cheibriados
Dithmenos
Elyvilon
Fedhas
Gozag
Hepliaklqana
Kikubaaqudgha
Makhleb
Nemelex Xobeh
Okawaru
Qazlal
Ru
Trog
Uskayaw
Vehumet
Zin
The Shining One

Shops:
Orc:2 ?:*[   Shoals:3 *

Portals:
Hell: Depths:2

Annotations:
D:5 2 transporters, Irenicus's ghost, amateur DDEE


Innate Abilities, Weirdness & Mutations

You are resistant to damage.
You can heal yourself by infusing magical energy.
You resist negative energy. (rN+)
You passively map the area around you.
You do not regenerate.
You are weak. (Str -2)


Message History

A yellow draconian comes into view. It is wielding a +1 vorpal battleaxe.
You hit the orb of fire. You freeze the orb of fire.
The orb of fire is lightly damaged.
The orb of fire glows bright magenta.
The fireball explodes!
The fireball engulfs you!!! You resist.
The fireball engulfs the orb of fire.
The orb of fire completely resists.
You hear a chilling moan.
You hit the orb of fire.
The orb of fire is lightly damaged.
You closely miss the orb of fire.
The orb of fire is lightly damaged.
Your balrug gestures at the orb of fire.
The orb of fire is smitten.
The yellow draconian throws acid at you.
The glob of acid hits you! The acid corrodes you!
You are splashed with acid!
You hit the orb of fire but do no damage.
The orb of fire is lightly damaged.
Your balrug hits the orb of fire with a +0 demon whip.
The orb of fire is engulfed in flames.
The orb of fire completely resists.
The yellow draconian throws acid at you.
You block the glob of acid.
You barely miss the orb of fire.
The orb of fire is lightly damaged.
A death cob comes into view.
Your balrug hits the orb of fire with a +0 demon whip.
The orb of fire is engulfed in flames.
The orb of fire completely resists.
You completely miss the orb of fire.
The orb of fire is lightly damaged.
Your balrug hits the orb of fire with a +0 demon whip!
The orb of fire is engulfed in flames.
The orb of fire completely resists.
You hit the orb of fire but do no damage.
The orb of fire is moderately damaged.
You slice the moth of wrath!! You freeze the moth of wrath.
You block the moth of wrath's attack.
Your balrug misses the orb of fire. You slice the moth of wrath!!
You freeze the moth of wrath.
You kill the moth of wrath!
Makhleb accepts your kill.
You feel better.
You miss the orb of fire. You block the death cob's attack.
Your balrug closely misses the orb of fire.
Your chain mail of Benevolence prevents you from hitting the orb of fire.
The orb of fire is moderately damaged.
You slash the death cob! You freeze the death cob.
You hit the yellow draconian but do no damage.
The death cob hits you!! The yellow draconian barely misses you.
You are too injured to fight recklessly!
You are too injured to fight recklessly!
You are too injured to fight recklessly!
You are too injured to fight recklessly!
You are too injured to fight recklessly!
You are too injured to fight recklessly!
You are too injured to fight recklessly!
You are too injured to fight recklessly!
You feel much better. The death cob hits you! The death cob drains your vigour!
You feel yourself slow down. You block the death cob's attack.
Your balrug hits the orb of fire but does no damage.
The orb of fire glows bright magenta.
The bolt of fire hits you!! You resist. You block the death cob's attack.
Your balrug hits the orb of fire with a +0 demon whip!!
The orb of fire is engulfed in flames.
The orb of fire completely resists.
You feel much better.
The death cob hits you but does no damage.
The orb of fire glows deep purple.
Strange energies course through your body.
You block the death cob's attack.
The yellow draconian throws acid at you.
The glob of acid hits you! The acid corrodes you!
You are splashed with acid!
The death cob barely misses you.
Your balrug hits the orb of fire but does no damage.
The yellow draconian hits you with a +1 vorpal battleaxe.
The death cob hits you but does no damage.
You are too injured to fight recklessly!
You are too injured to fight recklessly!
You are too injured to fight recklessly!
You are too injured to fight recklessly!
You are too injured to fight recklessly!
You are too injured to fight recklessly!
You are too injured to fight recklessly!
You are too injured to fight recklessly!
You are too injured to fight recklessly!
You are too injured to fight recklessly!
You are too injured to fight recklessly!
You feel yourself speed up. The death cob hits you!
The death cob drains your vigour!
You feel as though you will be slow longer.
You block the death cob's attack.
Your balrug gestures at the orb of fire.
The orb of fire is smitten.
The orb of fire glows yellow.
The bolt of fire hits you!! You resist.
* * * LOW HITPOINT WARNING * * *
The death cob barely misses you.
Your balrug closely misses the orb of fire.
You block the yellow draconian's attack.
You feel very mighty all of a sudden. The death cob hits you.
* * * LOW HITPOINT WARNING * * *
The death cob drains your vigour!
You feel as though you will be slow longer.
The death cob hits you!!
You die...

, , , , , #.....#...^..#
, , *,, ,#.....#......#*
, , , ,#.....#......# * ,
######....#......#, *, ,
*#...##....####'### , , ,
#...##....##....#, *
****##'##..........†....+
,....................# ,
* ,......z@2...........#
, ...##.d*##....##+####*
, ,,, #...##+#### , , * ,
,*#$..# , * * *#...# , ,*
* ....#, * , * , #....#,
, * + #....# , , , , , ,


You could see an orb of fire, a yellow draconian, a death cob and a friendly
balrug (summoned).

Vanquished Creatures
  2 liches
  Rupert (Lair:4)
  A quicksilver dragon (Zot:1)
  2 tentacled starspawn (Abyss:3)
  Kirke (D:15)
  A deep elf sorcerer (Abyss:3)
  3 ghost moths
  6 emperor scorpions (Spider:4)
  2 war gargoyles (Depths:4)
  A very ugly thing (Depths:4)
  A draconian annihilator (Depths:5)
  3 stone giants
  An entropy weaver (Spider:1)
  A black draconian (Depths:5)
  A purple draconian (Depths:5)
  A lorocyproca (Abyss:3)
  Azrael (D:13)
  A white draconian (Zot:1)
  2 ettins
  A crystal guardian (Depths:4)
  3 fire dragons
  5 merfolk javelineers
  5 merfolk impalers
  2 great orbs of eyes
  4 vault guards (D:13)
  5 hydras
  4 ice dragons
  2 catoblepae
  A merfolk avatar (Shoals:3)
  4 merfolk aquamancers (Shoals:4)
  3 centaur warriors
  A death knight (D:13)
  A tengu warrior (D:15)
  4 ogre magi
  26 two-headed ogres
  2 deep troll earth magi (Depths:1)
  A deep troll shaman (Depths:1)
  2 thrashing horrors (Abyss:3)
  6 death yaks
  A satyr (Shoals:4)
  A spriggan berserker (Depths:3)
  3 wretched stars (Abyss:3)
  4 sixfirhies
  A spatial maelstrom (Abyss:3)
  3 deep trolls
  3 glowing orange brains
  3 unseen horrors
  8 sea snakes
  A lindwurm (Lair:2)
  A large abomination (Abyss:3)
  9 harpies
  18 wolf spiders
  A deep elf mage (D:15)
  5 orb spiders
  3 orc sorcerers
  6 manticores
  12 ugly things
  4 merfolk sirens
  9 cyclopes
  3 moths of wrath (Zot:1)
  A smoke demon (Abyss:3)
  4 cane toads
  6 centaur zombies
  4 elephants (Lair:2)
  A gargoyle (D:10)
  2 molten gargoyles (Volcano)
  3 torpor snails
  3 water nymphs
  A freezing wraith (D:13)
  4 rime drakes (Lair:2)
  2 yaktaurs
  4 efreet
  2 komodo dragons
  2 ice devils (D:12)
  4 demonic crawlers
  13 jumping spiders
  13 trolls
  6 merfolk
  A polar bear (D:9)
  A raiju (Abyss:3)
  3 wind drakes (Shoals:4)
  A merfolk (shapeshifter) (Depths:5)
  A hornet (Spider:1)
  8 blink frogs
  4 slime creatures (Depths:1)
  4 dream sheep (Shoals:4)
  2 snapping turtles
  10 hippogriffs
  4 water elementals
  A shadow (D:13)
  10 starcursed masses (Abyss:3)
  2 wraiths (D:13)
  18 tarantellas
  28 redbacks
  5 air elementals (Depths:4)
  A wyvern (Lair:3)
  2 basilisks
  A hog (shapeshifter) (Depths:4)
  3 hogs (D:15)
  11 fire elementals
  13 yaks
  6 vampire mosquitoes
  2 acid dragons (D:13)
  A soldier ant (D:13)
  A warg (D:15)
  4 water moccasins
  Duvessa (D:7)
  2 hell hounds (D:13)
  7 porcupines
  7 ice beasts
  A black bear (D:10)
  2 eyes of draining
  11 orc warriors
  4 phantoms
  2 necrophages
  A hornet zombie (D:15)
  30 ogres
  A sky beast (D:13)
  11 wolves
  13 centaurs
  9 crocodiles
  2 big kobolds
  13 bullfrogs
  An earth elemental (Depths:4)
  A gnoll sergeant (D:7)
  Dowan (D:7)
  3 scorpions
  19 killer bees
  22 wights
  5 howler monkeys
  2 jellies
  A quasit (D:9)
  10 hounds
  An iron imp (Depths:3)
  11 orc priests
  19 orc wizards
  3 bullfrog zombies
  5 centaur skeletons
  4 iguanas
  A hell rat (Lair:2)
  5 worker ants
  A bullfrog simulacrum (D:9)
  2 hound zombies
  A hound skeleton (D:6)
  A killer bee simulacrum (D:9)
  3 worker ant zombies
  2 howler monkey skeletons (D:6)
  4 gnolls (D:7)
  17 adders
  9 river rats (Lair:2)
  A shadow imp (D:8)
  3 white imps
  10 ufetubi
  A worm (D:3)
  A ball lightning (Depths:4)
  A dart slug (D:1)
  An adder simulacrum (D:9)
  4 leopard geckos
  58 orcs
  3 ball pythons
  3 giant cockroaches
  A goblin (D:2)
  2 hobgoblins (D:1)
  3 jackals (D:7)
  2 quokkas
  A bat (D:2)
  3 frilled lizards
  11 kobolds
  A quokka simulacrum (D:9)
  2 rats
  A starspawn tentacle (Abyss:3)
820 creatures vanquished.

Vanquished Creatures (collateral kills)
  A tentacled monstrosity (Zot:1)
  Polyphemus (Shoals:4)
  A shadow dragon (Depths:5)
  Ilsuiw (Shoals:4)
  A ghost moth (Spider:4)
  A black draconian (Depths:5)
  An ettin (Depths:5)
  A merfolk impaler (Shoals:4)
  A hydra (Lair:5)
  A catoblepas (Lair:2)
  An ogre mage (Orc:2)
  A two-headed ogre (Orc:2)
  3 death yaks
  A sea snake (Shoals:4)
  An orc knight (D:15)
  6 orb spiders
  A swamp dragon (Abyss:3)
  A wolf spider (Spider:1)
  3 elephants (Lair:2)
  2 merfolk sirens
  A centaur skeleton (D:15)
  3 jumping spiders (Spider:4)
  A blink frog (Lair:2)
  A snapping turtle (Shoals:4)
  2 tarantellas
  5 redbacks
  3 yaks (Lair:2)
  2 basilisks (Lair:2)
  An ice beast (D:15)
  An orc warrior (D:15)
  4 wolves (Lair:2)
  A bullfrog (Lair:2)
  A hell rat (Lair:2)
  A river rat (Lair:2)
57 creatures vanquished.

Vanquished Creatures (others)
  An emperor scorpion (Spider:4)
  A very ugly thing (Depths:4)
  Fannar (D:10)
  An ugly thing (Depths:4)
  A wind drake (Depths:4)
  An air elemental (Depths:4)
  2 water elementals (Depths:4)
  A human (D:15)
  A small abomination (Abyss:3)
  4 ball lightnings (Depths:4)
  21 fungi
  51 plants
  4 starspawn tentacles (Abyss:3)
  8 toadstools (Lair:2)
98 creatures vanquished.

Grand Total: 975 creatures vanquished

Notes
Turn   | Place    | Note
-------+----------+-------------------------------------------
     0 | D:1      | EnegeticOcto the Deep Dwarf Fighter began the quest for the
                  | Orb.
     0 | D:1      | Reached XP level 1. HP: 20/20 MP: 1/1
   187 | D:1      | Reached XP level 2. HP: 27/27 MP: 2/2
   364 | D:4      | Reached XP level 3. HP: 30/34 MP: 3/3
   378 | D:4      | Got an ancient pewter amulet
   384 | D:4      | Identified the amulet of Disaster {Inacc rElec rF+ Int+4}
                  | (You found it on level 4 of the Dungeon)
   474 | D:4      | Reached XP level 4. HP: 37/42 MP: 4/4
   524 | D:4      | Reached XP level 5. HP: 22/49 MP: 5/5
   677 | D:4      | Found a white marble altar of Elyvilon.
   796 | D:4      | Noticed an ogre
   802 | D:4      | Killed an ogre
   829 | D:4      | Noticed a phantom
   853 | D:4      | Killed a phantom
   853 | D:4      | Reached XP level 6. HP: 47/57 MP: 6/6
  1015 | D:4      | Reached skill level 5 in Axes
  1079 | D:5      | Entered Level 5 of the Dungeon
  1121 | D:5      | Found a transporter.
  1121 | D:5      | Noticed Irenicus's ghost (amateur DDEE)
  1139 | D:5      | Reached XP level 7. HP: 41/64 MP: 7/7
  1233 | D:5      | Found a transporter.
  1252 | D:5      | Reached skill level 5 in Shields
  1271 | D:5      | Reached skill level 5 in Armour
  1882 | D:6      | Found a bloodstained altar of Trog.
  1882 | D:6      | Found an ancient bone altar of Kikubaaqudgha.
  1954 | D:6      | Found Rebbuaza's Armour Boutique.
  1970 | D:6      | Reached XP level 8. HP: 46/73 MP: 7/7
  2232 | D:7      | Noticed Dowan
  2233 | D:7      | Noticed Duvessa
  2240 | D:7      | Killed Dowan
  2240 | D:7      | Reached skill level 5 in Fighting
  2249 | D:7      | Killed Duvessa
  2597 | D:7      | Gained mutation: You passively map the area around you.
                  | [Deep Dwarf growth]
  2597 | D:7      | Reached XP level 9. HP: 62/81 MP: 2/2
  2701 | D:7      | Found a staircase to the Ecumenical Temple.
  2787 | Temple   | Entered the Ecumenical Temple
  2854 | Temple   | Became a worshipper of Makhleb the Destroyer
  2978 | D:8      | Noticed a troll
  2999 | D:8      | Killed a troll
  2999 | D:8      | Reached skill level 1 in Invocations
  3161 | D:8      | Reached skill level 2 in Invocations
  3284 | D:8      | You fall into a shaft and drop 3 floors!
  3285 | D:11     | Reached * piety under Makhleb
  3293 | D:11     | Noticed a troll
  3312 | D:11     | Killed a troll
  3312 | D:11     | Reached skill level 3 in Invocations
  3312 | D:11     | Noticed a two-headed ogre
  3329 | D:11     | Killed a two-headed ogre
  3329 | D:11     | Reached skill level 10 in Axes
  3329 | D:11     | Reached skill level 4 in Invocations
  3329 | D:11     | Reached XP level 10. HP: 44/92 MP: 1/3
  3526 | D:11     | Killed an unseen horror
  3631 | D:11     | Reached skill level 5 in Invocations
  3728 | D:11     | Reached ** piety under Makhleb
  4199 | D:11     | Got a twisted chain mail
  4209 | D:11     | Identified the +4 chain mail of Benevolence {rElec Int+5}
                  | (You found it on level 11 of the Dungeon)
  4280 | D:10     | Entered Level 10 of the Dungeon
  4437 | D:10     | Noticed a gargoyle
  4486 | D:10     | Killed a gargoyle
  4581 | D:10     | Reached skill level 6 in Invocations
  4619 | D:10     | Noticed Fannar
  4655 | D:10     | Killed Fannar
  4655 | D:10     | Reached XP level 11. HP: 38/100 MP: 3/3
  4685 | D:10     | Reached *** piety under Makhleb
  4959 | D:9      | Found a staircase to the Lair.
  5166 | D:9      | Reached **** piety under Makhleb
  5301 | D:9      | Found an opulent altar of Gozag.
  5307 | D:9      | Found an iron altar of Okawaru.
  5314 | D:9      | Found a sacrificial altar of Ru.
  5315 | D:9      | Found a blossoming altar of Fedhas.
  5316 | D:9      | Found a stormy altar of Qazlal.
  5317 | D:9      | Found a shadowy altar of Dithmenos.
  5366 | D:9      | Reached skill level 7 in Invocations
  5583 | D:8      | Noticed a two-headed ogre
  5589 | D:8      | Killed a two-headed ogre
  5836 | D:12     | Killed an unseen horror
  6000 | D:12     | Killed an unseen horror
  6053 | D:12     | Got a crude copper ring
  6312 | D:12     | Reached skill level 8 in Invocations
  6364 | D:12     | Found a staircase to the Orcish Mines.
  6380 | D:12     | Found a frozen archway.
  6578 | D:13     | Reached XP level 12. HP: 82/111 MP: 5/5
  6650 | D:13     | Reached ***** piety under Makhleb
  6666 | D:13     | Noticed a death knight
  6690 | D:13     | Killed a death knight
  6700 | D:13     | Reached skill level 10 in Shields
  6796 | D:13     | Reached skill level 10 in Armour
  6872 | D:13     | Noticed Azrael
  6899 | D:13     | Killed Azrael
  6977 | D:13     | Noticed a two-headed ogre
  6992 | D:13     | Reached skill level 9 in Invocations
  6996 | D:13     | Killed a two-headed ogre
  7034 | D:13     | Found a gate to the Vaults.
  7034 | D:13     | Noticed a vault guard
  7034 | D:13     | Noticed a vault guard
  7034 | D:13     | Noticed a vault guard
  7034 | D:13     | Noticed a vault guard
  7035 | D:13     | Noticed a centaur warrior
  7048 | D:13     | Killed a centaur warrior
  7064 | D:13     | Killed a vault guard
  7067 | D:13     | Killed a vault guard
  7088 | D:13     | Killed a vault guard
  7093 | D:13     | Killed a vault guard
  7097 | D:13     | Identified the ring "Jinops" {rF+ rC+ MR+} (You found it on
                  | level 12 of the Dungeon)
  7462 | Lair:1   | Entered Level 1 of the Lair of Beasts
  7647 | Lair:1   | Found a dark tunnel.
  7710 | Volcano  | Entered a volcano
  7780 | Volcano  | Reached XP level 13. HP: 76/121 MP: 5/5
  8017 | Lair:2   | Reached skill level 10 in Invocations
  8149 | Lair:2   | Found a staircase to the Shoals.
  8759 | Lair:2   | Found a runed translucent door.
  9001 | Lair:2   | Got a scorched plate armour
  9012 | Lair:2   | Identified the +2 plate armour of a volcano {Harm Dex-2
                  | Stlth+} (You found it on level 2 of the Lair of Beasts)
  9169 | Lair:3   | Reached skill level 15 in Axes
  9446 | Lair:3   | Reached ****** piety under Makhleb
  9747 | Lair:4   | You are sucked into a shaft and drop 1 floor!
  9805 | Lair:5   | Reached skill level 11 in Invocations
  9865 | Lair:4   | Found a hazy altar of Hepliaklqana.
 10220 | Lair:4   | Found a hole to the Spider Nest.
 10373 | Lair:4   | Noticed Rupert
 10389 | Lair:4   | Killed Rupert
 10389 | Lair:4   | Reached skill level 10 in Fighting
 10389 | Lair:4   | Gained mutation: You resist negative energy. (rN+) [Deep
                  | Dwarf growth]
 10389 | Lair:4   | Reached XP level 14. HP: 130/132 MP: 6/6
 10743 | Orc:1    | Entered Level 1 of the Orcish Mines
 11069 | Orc:2    | Entered Level 2 of the Orcish Mines
 11254 | Orc:2    | Found a staircase to the Elven Halls.
 11531 | Orc:2    | Gained mutation: You are weak. (Str -2) [a neqoxec]
 11576 | Orc:2    | Found Yrienwal's Magic Scroll Boutique.
 11602 | Orc:2    | Found Yrakoabb's Book Boutique.
 11628 | Orc:2    | Found Denukh's General Store.
 11642 | Orc:2    | Found Huotias's Antique Armour Shop.
 11650 | Orc:2    | Bought a scroll of acquirement for 728 gold pieces
 11655 | Orc:2    | Acquired a manual of Invocations
 11669 | Orc:2    | Bought a scroll of blinking for 75 gold pieces
 11669 | Orc:2    | Bought a scroll of enchant weapon for 75 gold pieces
 11669 | Orc:2    | Bought a scroll of teleportation for 30 gold pieces
 11669 | Orc:2    | Bought a scroll of enchant weapon for 75 gold pieces
 11669 | Orc:2    | Bought a scroll of teleportation for 30 gold pieces
 11669 | Orc:2    | Bought a scroll of teleportation for 30 gold pieces
 11669 | Orc:2    | Bought a scroll of identify for 20 gold pieces
 11669 | Orc:2    | Bought a scroll of identify for 20 gold pieces
 11965 | Shoals:1 | Entered Level 1 of the Shoals
 12010 | Shoals:2 | Reached skill level 12 in Invocations
 12058 | Shoals:3 | Found Gorozoum's General Store.
 12078 | Shoals:3 | Bought a scroll of teleportation for 42 gold pieces
 12191 | Shoals:4 | Entered Level 4 of the Shoals
 12268 | Shoals:4 | Noticed Polyphemus
 12299 | Shoals:4 | Killed Polyphemus
 12356 | Shoals:4 | Reached skill level 13 in Invocations
 12357 | Shoals:4 | Reached XP level 15. HP: 142/142 MP: 7/7
 12505 | Shoals:4 | Found the +8 storm bow {elec, penet}
 12573 | Shoals:4 | Noticed Ilsuiw
 12639 | Shoals:4 | Killed Ilsuiw
 12650 | Shoals:4 | Got a barnacled rune of Zot
 12795 | Spider:1 | Entered Level 1 of the Spider Nest
 12811 | Spider:1 | Reached skill level 14 in Invocations
 12939 | Spider:4 | Entered Level 4 of the Spider Nest
 13038 | Spider:4 | Reached XP level 16. HP: 148/154 MP: 6/6
 13076 | Spider:4 | Reached skill level 15 in Invocations
 13120 | Spider:4 | Got a gossamer rune of Zot
 13405 | D:15     | Entered Level 15 of the Dungeon
 13405 | D:15     | Noticed Kirke
 13420 | D:15     | Killed Kirke
 13550 | D:15     | Reached skill level 16 in Invocations
 13599 | D:15     | Reached skill level 1 in Dodging
 13862 | D:15     | Found a staircase to the Depths.
 14493 | Depths:1 | Entered Level 1 of the Depths
 14518 | Depths:1 | Reached skill level 17 in Invocations
 14532 | D:15     | Cast into level 3 of the Abyss (unwielding a weapon of
                  | distortion)
 14843 | Abyss:3  | Noticed a tentacled starspawn
 14865 | Abyss:3  | Noticed a lich
 14865 | Abyss:3  | Noticed a tentacled starspawn
 14865 | Abyss:3  | Noticed a tentacled starspawn
 14877 | Abyss:3  | Killed a tentacled starspawn
 14877 | Abyss:3  | Killed a tentacled starspawn
 14877 | Abyss:3  | Reached XP level 17. HP: 104/131 MP: 0/0
 14877 | Abyss:3  | Killed a lich
 14887 | Abyss:3  | Got an abyssal rune of Zot
 14978 | Abyss:3  | Reached skill level 18 in Invocations
 14980 | D:15     | Escaped the Abyss
 15093 | Depths:1 | Reached skill level 19 in Invocations
 15137 | Depths:2 | Found a gateway to Hell.
 15151 | Depths:2 | You are sucked into a shaft and drop 2 floors!
 15210 | Depths:4 | Reached skill level 20 in Invocations
 15520 | Depths:5 | Entered Level 5 of the Depths
 15520 | Depths:5 | Noticed a lich
 15531 | Depths:5 | Killed a lich
 15565 | Depths:5 | Found a gate to the Realm of Zot.
 15608 | Zot:1    | Entered Level 1 of the Realm of Zot
 15608 | Zot:1    | Noticed a tentacled monstrosity
 15622 | Zot:1    | Killed a tentacled monstrosity
 15651 | Zot:1    | Noticed a quicksilver dragon
 15660 | Zot:1    | Killed a quicksilver dragon
 15660 | Zot:1    | Reached skill level 21 in Invocations
 15721 | Zot:1    | Noticed an orb of fire
 15737 | Zot:1    | Slain by a death cob

Illustrated notes

Levels and vault maps discovered:
D:1:      erik_arrival_cave_to_civilisation [erik_arrival_cave_to_hall],
          layout_basic
D:2:      layout_loops_ring, st_stairs_6
D:3:      layout_basic, lightli_sewer_entry_pipes,
          nicolae_ru_sacrificial_ziggurat
D:4:      layout_basic, elyvilon_altar_4
D:5:      layout_cave_pools, gammafunk_ghost_arena
D:6:      layout_basic, gammafunk_temple_overflow_wave, serial_shops,
          kennysheep_mini
D:7:      minmay_angry_zag, layout_basic, minmay_temple_entry_junction,
          uniq_duvessa
D:8:      layout_rooms
D:9:      layout_cave_pools, minitemple, david_lair_generic, serial_ice,
          serial_ice_k, serial_ice_b, serial_ice_e, serial_ice_d, serial_ice_f,
          serial_ice_o
D:10:     layout_long_grid, uniq_fannar
D:11:     layout_basic
D:12:     layout_roguey, orc_0_dummy, portal_ice_cave_demonic_guard
D:13:     layout_irregular_city, lightli_vaults_fourway_checkpoint,
          serial_column_ruins, column_ruins_columns_straight,
          column_ruins_open_tiny, column_ruins_grid_3, column_ruins_grid_4,
          column_ruins_grid_2, hex_large, uniq_azrael
D:14:     layout_basic, serial_curves, eino_curves_02, eino_curves_01
D:15:     grunt_enter_depths_hoard, layout_long_grid, minmay_misc_feat_columns,
          uniq_kirke
Temple:   dshaligram_water_room_temple
Lair:1:   layout_layer_cave, nicolae_volcano_entry_two_sided
Lair:2:   gammafunk_lair_enchanted_lake, layout_regular_city,
          minmay_shoals_entry_lonely_mermaid, kennysheep_rathole
Lair:3:   layout_gridlike
Lair:4:   layout_regular_city, dummy_spider_entry, basic_altar, uniq_rupert
Lair:5:   layout_small_grid, minmay_slime_entry_oklob_enclosed, special_room
          [special_room_mythical_zoo], chequers_serial_rivers_large_a
Shoals:1: layout_shoals, nicolae_shoals_water_shrine
Shoals:2: layout_shoals
Shoals:3: layout_shoals, serial_shops, shop
Shoals:4: shoals_end_simple, layout_shoals, shoal_ilsuiw, uniq_polyphemus
Spider:1: nicolae_spider_mines_1, hangedman_spider_trapstep
Spider:2: layout_spider_delve, nicolae_spider_ant_collections
Spider:3: layout_spider_delve
Spider:4: grunt_spider_rune_circles, uniq_agnes, uniq_roxanne
Orc:1:    layout_diamond_mine
Orc:2:    st_orc_open, layout_diamond_mine
Depths:1: layout_basic, enter_ziggurat_f, hell_entry,
          hangedman_abyss_or_decor_slice, minmay_room_of_horrors,
          hangedman_blasphemy, serial_bayou_shore_b
Depths:2: minmay_imperfect_grid, layout_basic, hell_entry, mu_enter_wizlab_2,
          serial_bayou_pond_c, infiniplex_staircase_zigzag_3, uniq_asterion
Depths:3: kennysheep_room_grid, layout_cave_shapes, pf_hell_entry_tar_spiral,
          grunt_pan_entry_spiral, dispersion_dpeg, minmay_shoptagon,
          infiniplex_staircase_pillars_1
Depths:4: radiant_caverns_a_rkd, hell_entry, abyss_entry, uniq_sojobo
Depths:5: grunt_zot_entry_tricorne, layout_cave_shapes, hell_entry,
          minmay_misc_feat_four_crosses, gammafunk_ghost_split,
          chequers_serial_rivers_large_b
Zot:1:    kennysheep_blocky_hall, layout_gridville

Skill      XL: |  1  2  3  4  5  6  7  8  9 10 11 12 13 14 15 16 17 |
---------------+----------------------------------------------------+-----
Fighting       | 3 4 5 6 7 8 9 10 11 12 13 14 | 14.6
Axes           | 3 4 5 6 8 10 11 12 14 15 16 17 18 | 18.0
Shields        | 4 5 6 7 8 9 10 11 12 13 14 | 14.0
Armour         | 4 5 6 7 8 9 10 11 12 13 14 | 14.0
Invocations    | 4 6 8 9 11 13 14 17 21 | 21.1
Dodging        | 3 |  3.4

Action                   |  1- 3 |  4- 6 |  7- 9 | 10-12 | 13-15 | 16-18 || total
-------------------------+-------+-------+-------+-------+-------+-------++-------
Melee: War axe           |    76 |    94 |   453 |   833 |   221 |       ||  1677
       Broad axe         |       |       |       |       |   700 |   679 ||  1379
Invok: Lesser Servant of |       |       |       |       |    24 |     8 ||    32
       Greater Servant o |       |       |       |       |     4 |     3 ||     7
 Abil: Heal Wounds       |     1 |     4 |    40 |    13 |    38 |    45 ||   141
Evoke: Wand              |       |       |       |     8 |     8 |     3 ||    19
       Condenser vane    |       |       |       |     1 |     5 |     3 ||     9
       Tin of tremorston |       |       |       |       |     3 |     3 ||     6
  Use: Scroll            |       |       |       |    22 |    15 |    15 ||    52
       Potion            |       |       |       |       |     5 |     4 ||     9
 Stab: Confused          |       |       |       |     3 |     4 |       ||     7
       Distracted        |       |       |       |       |     6 |     5 ||    11
       Petrified         |       |       |       |       |     9 |     7 ||    16
       Petrifying        |       |       |       |       |       |     2 ||     2
Armor: Scale mail        |    26 |    39 |   199 |       |       |       ||   264
       Chain mail        |       |       |    62 |   519 |   862 |   485 ||  1928
Dodge: Dodged            |    26 |    35 |   195 |   274 |   444 |   257 ||  1231
Block: Kite shield       |    35 |    50 |   358 |   632 |   809 |   567 ||  2451

Table legend: (Time is in decaauts)
 A = Elapsed time spent in this place.
 B = Non-inter-level travel time spent in this place.
 C = Inter-level travel time spent in this place.
 D = Time resting spent in this place.
 E = Time spent auto-exploring this place.
 F = Levels seen in this place.
 G = Mean time per level.
                   A        B        C        D        E       F      G
               +--------+--------+--------+--------+--------+-----+--------+
         Total |  15501 |  13734 |   1767 |      2 |   8580 |  39 |  397.5 |
       Dungeon |   8923 |   7916 |   1007 |      0 |   5224 |  15 |  594.9 |
        Temple |     87 |     68 |     19 |      0 |     43 |   1 |   87.0 |
          Lair |   3152 |   2733 |    419 |      0 |   2168 |   5 |  630.4 |
        Shoals |    715 |    621 |     94 |      0 |     70 |   4 |  178.8 |
   Spider Nest |    375 |    309 |     66 |      0 |      0 |   4 |   93.8 |
  Orcish Mines |    964 |    877 |     87 |      0 |    621 |   2 |  482.0 |
        Depths |    590 |    518 |     72 |      0 |     96 |   5 |  118.0 |
           Zot |    119 |    119 |      0 |      0 |     66 |   1 |  119.0 |
         Abyss |    430 |    430 |      0 |      2 |    284 |   1 |  430.0 |
       Volcano |    141 |    141 |      0 |      0 |      8 |   1 |  141.0 |
               +--------+--------+--------+--------+--------+-----+--------+

Top non-repeatable levels by time:
    D:11: 1157 daAuts
  Lair:2: 1117 daAuts
    D:15: 1022 daAuts
    D:12: 964 daAuts
     D:7: 812 daAuts
    D:13: 808 daAuts
  Lair:4: 758 daAuts
     D:4: 755 daAuts
     D:9: 721 daAuts
    D:10: 683 daAuts
  Lair:3: 647 daAuts
   Orc:2: 612 daAuts
     D:6: 565 daAuts
  Lair:1: 560 daAuts
     D:8: 535 daAuts
